 Dungeon Crawl Stone Soup version 0.18.1-1-g2f07953 (webtiles) character file.

4349 IcyTea the Archer (level 10, -1/80 HPs)
             Began as a Centaur Skald on May 7, 2016.
             Slain by a killer bee (3 damage)
             ... on level 11 of the Dungeon.
             The game lasted 01:17:27 (14908 turns).

IcyTea the Archer (Centaur Skald)                  Turns: 14908, Time: 01:17:28

Health: -1/80      AC:  8    Str: 16 (18) XL:     10   Next: 12%
Magic:  13/13      EV:  9    Int: 13 (14) God:
Gold:   373        SH:  0    Dex:  9 (10) Spells: 4 memorised, 6 levels left

rFire  . . .     SeeInvis .     b - +0 glaive
rCold  + . .     Gourm    .     x - +3 leather armour {rC+}
rNeg   . . .     Faith    .     (shield currently unavailable)
rPois  .         Spirit   .     (no helmet)
rElec  .         Dismiss  .     h - +0 cloak
rCorr  .         Reflect  .     (no gloves)
SustAt .         Harm     .     (no barding)
MR     .....                    o - amulet of magic regeneration
Stlth  ..........               (no ring)
                                u - +2 ring of dexterity

@: lethally poisoned (-1 -> -1), regenerating (expiring), very quick, not
resistant to hostile enchantments, extremely unstealthy
A: hooves 3, deformed body, deterioration 1, speed 2, strong 1, tough skin 3,
wild magic 1
a: no special abilities


You were on level 11 of the Dungeon.
You were not hungry.

You visited 2 branches of the dungeon, and saw 12 of its levels.

You collected 373 gold pieces.

Inventory:

Hand Weapons
 a - a +0 longbow
 b - a +0 glaive (weapon)
 k - a +3 quarterstaff of chaos
Missiles
 p - a poisoned tomahawk (quivered)
 s - 5 tomahawks
 z - 40 arrows
Armour
 h - a +0 cloak (worn)
 x - a +3 leather armour of cold resistance (worn)
Magical Staves
 i - an uncursed staff of fire
Jewellery
 o - an amulet of magic regeneration (around neck)
 u - a +2 ring of dexterity (left hand)
Wands
 m - a wand of flame (42/48)
Scrolls
 e - 2 scrolls of enchant armour
 l - 5 scrolls of identify
 n - a scroll of teleportation
 q - 4 scrolls of remove curse
 v - a scroll of amnesia
Potions
 f - 2 potions of flight
Books
 c - a book of Battle

   Spells                             Type                      Level
   a - Infusion                       Charms                       1
   b - Shroud of Golubria             Charms/Translocation         2
   c - Song of Slaying                Charms                       2
   d - Spectral Weapon                Hexes/Charms                 3
   e - Regeneration                   Charms/Necromancy            3
 r - a book of Alchemy

   Spells                             Type                      Level
   a - Sublimation of Blood           Necromancy                   2
   b - Ignite Poison                  Fire/Transmutation/Poison    3
   c - Petrify                        Transmutation/Earth          4
   d - Alistair's Intoxication        Transmutation/Poison         5
   e - Irradiate                      Conjuration/Transmutation    5
 w - a Young Poisoner's Handbook

   Spells                             Type                      Level
   a - Sting                          Conjuration/Poison           1
   b - Cure Poison                    Poison                       2
   c - Mephitic Cloud                 Conjuration/Poison/Air       3
   d - Olgreb's Toxic Radiance        Poison                       4
   e - Venom Bolt                     Conjuration/Poison           5
Comestibles
 d - 4 bread rations
 g - 5 meat rations
 t - 9 slices of pizza


   Skills:
 - Level 4.6 Fighting
 - Level 8.0 Polearms
 - Level 10.0 Bows
 - Level 0.6 Armour
 - Level 2.1 Dodging
 - Level 2.5 Spellcasting
 - Level 3.5 Charms
 - Level 4.4 Necromancy
 + Level 3.4 Poison Magic


You had 6 spell levels left.
You knew the following spells:

 Your Spells              Type           Power        Failure   Level  Hunger
a - Infusion              Chrm           ##..         14%         1    #......
b - Song of Slaying       Chrm           ##......     17%         2    ###....
c - Regeneration          Chrm/Necr      ###.......   24%         3    ###....
d - Cure Poison           Pois           ##........   17%         2    ###....


Dungeon Overview and Level Annotations

Branches:
Dungeon (11/15)            Temple (1/1) D:5
   Lair: D:8-11         Orc: D:9-12

Altars:
Ashenzari
Cheibriados
Dithmenos
Elyvilon
Fedhas
Gozag
Makhleb
Nemelex Xobeh
Okawaru
Pakellas
Qazlal
Ru
Trog
Vehumet
Xom
Zin
The Shining One

Shops:
D:7 (

Annotations:
D:8 volde25's ghost, novice OpBe
D:10 Erolcha


Innate Abilities, Weirdness & Mutations

You have hooves in place of feet.
Armour fits poorly on your strangely shaped body.
You cover ground very quickly.
You have extremely tough skin (AC +3).
Your body sometimes deteriorates upon taking damage.
Your muscles are strong. (Str +2)
Your spells are a little harder to cast, but a little more powerful.


Message History

* * * LOW HITPOINT WARNING * * *
You feel sick.
The killer bee stings you but does no damage.
You feel sick. The killer bee closely misses you.
You feel sick. The killer bee stings you.
* * * LOW HITPOINT WARNING * * *
The killer bee stings you but does no damage.
You feel sick.
Your skin is crawling a little less now.
The killer bee stings you.
* * * LOW HITPOINT WARNING * * *
You are more poisoned.
The killer bee poisons you!
You feel sick.
You feel sick. The killer bee closely misses you.
Found a scale mail.
You feel sick.
You feel sick. The killer bee stings you.
You die...

##.#.##
#.##.(.....# #.#
##.## #.##.......#
##.# # #.##########
#.=# #.# #.##
#.###### #.# #..
...# #.#
#.####.##### #.#
#.##...yy..######.#
#....#@###........#
#[# #.# ##########
#.# ..# ###


You could see 2 killer bees.

Vanquished Creatures
  The ghost of Nightblair the Basher, a novice MiBe of Trog (D:5)
  Prince Ribbit (D:8)
  A human (D:7)
  A yak (D:8)
  An orc warrior (D:7)
  2 sky beasts
  3 black bears
  8 ogres
  2 centaurs
  6 giant frogs
  A jelly (D:7)
  2 scorpions
  4 killer bees
  An electric eel (D:8)
  2 howler monkeys
  A giant frog zombie (D:5)
  5 crimson imps
  3 hounds
  7 orc wizards
  Crazy Yiuf (D:2)
  3 orc priests
  2 giant frog skeletons
  3 iguanas
  Terence (D:2)
  Ijyb (D:2)
  6 worker ants
  3 sheep (D:8)
  11 adders
  6 river rats (D:7)
  An ooze (D:2)
  4 worms
  6 dart slugs
  4 giant geckos
  30 orcs
  6 giant cockroaches
  3 goblins
  6 hobgoblins
  11 jackals
  7 quokkas
  A ball python (D:4)
  A ball python skeleton (D:4)
  5 bats
  A giant gecko skeleton (D:7)
  A giant gecko zombie (D:5)
  5 giant newts
  13 kobolds
  31 rats
225 creatures vanquished.

Vanquished Creatures (others)
  2 plants (D:8)
2 creatures vanquished.

Grand Total: 227 creatures vanquished

Notes
Turn   | Place    | Note
--------------------------------------------------------------
     0 | D:1      | IcyTea the Centaur Skald began the quest for the Orb.
     0 | D:1      | Reached XP level 1. HP: 17/17 MP: 3/3
   194 | D:1      | Reached XP level 2. HP: 16/24 MP: 4/4
   417 | D:1      | Learned a level 2 spell: Song of Slaying
   864 | D:1      | Reached XP level 3. HP: 28/29 MP: 5/5
  1380 | D:2      | Reached XP level 4. HP: 32/36 MP: 6/6
  1418 | D:2      | Gained mutation: Your spells are a little harder to cast, but a little more powerful. [potion of mutation]
  1418 | D:2      | Gained mutation: Your body sometimes deteriorates upon taking damage. [potion of mutation]
  1418 | D:2      | Gained mutation: Your mind is acute. (Int +2) [potion of mutation]
  1435 | D:2      | Noticed Terence
  1435 | D:2      | Noticed Ijyb
  1466 | D:2      | Killed Terence
  1485 | D:2      | Killed Ijyb
  1718 | D:2      | Noticed Crazy Yiuf
  1751 | D:2      | Killed Crazy Yiuf
  1751 | D:2      | Reached XP level 5. HP: 41/41 MP: 5/7
  1963 | D:2      | Found a shimmering altar of Xom.
  1989 | D:2      | Reached skill level 5 in Polearms
  2023 | D:2      | Learned a level 3 spell: Regeneration
  2844 | D:3      | Found a white marble altar of Elyvilon.
  3295 | D:5      | Entered Level 5 of the Dungeon
  3316 | D:4      | Reached XP level 6. HP: 44/48 MP: 8/8
  3395 | D:5      | Noticed Nightblair's ghost (novice MiBe)
  5008 | D:5      | Reached skill level 1 in Bows
  5043 | D:5      | HP: 2/48 [orc priest/divine providence (12)]
  5466 | D:4      | Reached XP level 7. HP: 40/55 MP: 9/9
  5468 | D:4      | Reached skill level 2 in Bows
  5619 | D:4      | Reached skill level 3 in Bows
  5884 | D:5      | Reached skill level 4 in Bows
  6076 | D:5      | Found a staircase to the Ecumenical Temple.
  6108 | Temple   | Entered the Ecumenical Temple
  6191 | D:5      | Found a shattered altar of Ashenzari.
  6282 | D:5      | Found a glowing golden altar of the Shining One.
  6581 | D:5      | Reached skill level 5 in Bows
  7054 | D:5      | Killed Nightblair's ghost
  7054 | D:5      | Reached XP level 8. HP: 32/67 MP: 9/11
  7826 | D:5      | Gained mutation: Your muscles are strong. (Str +2) [potion of mutation]
  7826 | D:5      | Lost mutation: Your mind is acute. (Int +2) [potion of mutation]
  8785 | D:6      | Reached skill level 1 in Necromancy
  9265 | D:7      | Reached XP level 9. HP: 64/72 MP: 12/12
  9605 | D:7      | Found a radiant altar of Vehumet.
  9739 | D:7      | Reached skill level 1 in Dodging
  9741 | D:7      | Found Huxofuo's Antique Weapon Shoppe.
 10249 | D:7      | Reached skill level 6 in Bows
 11110 | D:6      | HP: 3/72 [poisoned by a killer bee]
 11115 | D:6      | HP: 3/72 [poisoned by a killer bee]
 11121 | D:6      | HP: 3/72 [poisoned by a killer bee]
 11129 | D:6      | HP: 3/72 [poisoned by a killer bee]
 11524 | D:7      | Reached skill level 7 in Bows
 11674 | D:8      | Noticed volde25's ghost (novice OpBe)
 12087 | D:7      | Reached skill level 8 in Bows
 12419 | D:7      | Reached skill level 9 in Bows
 12955 | D:8      | Reached skill level 10 in Bows
 12970 | D:8      | Learned a level 2 spell: Cure Poison
 13332 | D:8      | Noticed Prince Ribbit
 13359 | D:7      | Reached skill level 1 in Poison Magic
 13835 | D:8      | Killed Prince Ribbit
 14093 | D:8      | Reached XP level 10. HP: 80/80 MP: 13/13
 14443 | D:10     | Entered Level 10 of the Dungeon
 14681 | D:11     | Noticed a cyan ugly thing
 14696 | D:11     | Noticed a brown ugly thing
 14717 | D:10     | Noticed Erolcha
 14898 | D:11     | HP: 2/80 [killer bee (6)]
 14903 | D:11     | HP: 2/80 [killer bee (3)]
 14908 | D:11     | HP: 2/80 [poisoned by a killer bee]
 14908 | D:11     | Slain by a killer bee

Skill      XL: |  1  2  3  4  5  6  7  8  9 10 |
---------------+-------------------------------+-----
Polearms       | 2 3 4 5 6 8 |  8.0
Bows           | 1 5 10 | 10.0
Spellcasting   | 2 |  2.5
Fighting       | 4 |  4.6
Charms         | 3 |  3.5
Necromancy     | 3 4 |  4.4
Dodging        | 2 |  2.1
Poison Magic   | 2 3 |  3.4
Armour         | |  0.6

Action                   |  1- 3 |  4- 6 |  7- 9 | 10-12 || total
-------------------------+-------+-------+-------+-------++-------
Melee: Spear             |   163 |   322 |       |       ||   485
       Kick              |    18 |    50 |    96 |    11 ||   175
       Trident           |       |    33 |   201 |       ||   234
       Glaive            |       |       |   328 |    60 ||   388
 Fire: Shortbow          |       |     4 |    34 |       ||    38
       Longbow           |       |       |    93 |     7 ||   100
Throw: Tomahawk          |     2 |     6 |       |       ||     8
 Cast: Song of Slaying   |     2 |     2 |     3 |       ||     7
       Infusion          |     1 |     2 |     3 |       ||     6
       Regeneration      |       |       |     3 |     3 ||     6
Evoke: Wand              |       |       |     4 |       ||     4
  Use: Potion            |     2 |     7 |     5 |     2 ||    16
       Scroll            |     1 |     4 |    10 |     4 ||    19
  Eat: Chunk             |     1 |    12 |    13 |     2 ||    28
       Bread ration      |       |       |     2 |     1 ||     3
       Beef jerky        |       |       |     1 |       ||     1
       Pizza             |       |       |     1 |     1 ||     2
Armor: Leather armour    |    38 |   141 |   177 |    58 ||   414
Dodge: Dodged            |    51 |   147 |   235 |    53 ||   486
